 Dungeon Crawl Stone Soup version 0.18-a0-1631-ga707108 (webtiles) character file.

30 Geeful the Insei (level 3, 0/23 HPs)
             Began as an Octopode Transmuter on Mar 25, 2016.
             Slain by a kobold
             ... wielding a +0 dagger
              (1 damage)
             ... on level 2 of the Dungeon.
             The game lasted 00:03:35 (1061 turns).

Geeful the Insei (Octopode Transmuter)              Turns: 1061, Time: 00:03:35

Health: 0/23       AC:  1    Str:  9    XL:     3   Next: 20%
Magic:  6/6        EV: 12    Int: 15    God:
Gold:   82         SH:  0    Dex: 13    Spells: 1 memorised, 5 levels left

rFire  . . .     SeeInvis .       - Unarmed
rCold  . . .     Gourm    .     (no shield)
rNeg   . . .     Faith    .     (helmet restricted)
rPois  .         Spirit   .     (no amulet)
rElec  .         Dismiss  .     (no ring)
rCorr  .         Reflect  .     (no ring)
SustAt .         Harm     .     (no ring)
MR     .....                    (no ring)
Stlth  ++........               (no ring)
                                (no ring)
                                (no ring)
                                (no ring)

@: not resistant to hostile enchantments, unstealthy
A: almost no armour, amphibious, 8 rings, constrict 8, camouflage 1, gelatinous
body 1
a: no special abilities


You were on level 2 of the Dungeon.
You were hungry.

You visited 1 branch of the dungeon, and saw 2 of its levels.

You collected 82 gold pieces.

Inventory:

Missiles
 a - 12 arrows
 m - a throwing net (quivered)
Jewellery
 l - a cursed amulet of the gourmand
 o - an uncursed ring of wizardry {unknown}
Scrolls
 f - a scroll of identify
 i - a scroll of fear {unknown}
Potions
 d - a potion of curing {unknown}
 e - a potion of flight {unknown}
 g - a potion of lignification {unknown}
 h - 2 potions of agility {unknown}
 j - a potion of might {unknown}
 k - a potion of degeneration {unknown}
Books
 b - a book of Changes

   Spells                             Type                      Level
   a - Beastly Appendage              Transmutation                1
   b - Sticks to Snakes               Transmutation                2
   c - Spider Form                    Transmutation/Poison         3
   d - Ice Form                       Ice/Transmutation            4
   e - Blade Hands                    Transmutation                5
Comestibles
 c - 2 bread rations
 n - a meat ration


   Skills:
 - Level 1.0 Fighting
 - Level 2.0 Dodging
 * Level 3.5 Unarmed Combat
 + Level 2.2 Spellcasting
 * Level 2.7 Transmutations


You had 5 spell levels left.
You knew the following spells:

 Your Spells              Type           Power        Failure   Level  Hunger
a - Beastly Appendage     Trmt           #.....       10%         1    #......


Dungeon Overview and Level Annotations

Branches:
Dungeon (2/15)

Altars:
Ashenzari

Annotations:
D:2 Sigmund


Innate Abilities, Weirdness & Mutations

You cannot wear most types of armour.
You are amphibious.
You can wear up to eight rings at the same time.
You can use your tentacles to constrict eight enemies at once.
Your skin changes colour to match your surroundings (Stealth).
Your rubbery body absorbs attacks (AC +1).


Message History

You escape the ball python's grasp.
The giant cockroach barely misses you.
Found a white potion.
You see here a white potion.
h - 2 white potions (gained 1)
The giant cockroach barely misses you.
The giant cockroach waves its antennae.
The giant cockroach closely misses you.
A kobold comes into view. It is wielding a dagger.
The kobold shouts!
The kobold throws a stone.
The stone hits you but does no damage.
You see here a stone.
The adder bites you.
The giant cockroach bites you but does no damage.
An adder comes into view.
The kobold hits you with a dagger.
* * * LOW HITPOINT WARNING * * *
A hobgoblin comes into view. It is wielding a club.
The kobold hits you with a dagger.
You die...

####.#.......#
........######
####.##.# #####.##.###
###..........#
...##...#.#.###### #
.................
##.####.##....#..#####
.......@###.#.#..#
##.#..KS# #.#.#.K##
#..g#gs# #.#.#g..# #..
#(.# #.#.#.#.# #.
#..###.#.#g#.# ..
#..g..g..#.#.# #
#..........#.#
######...### #...#


You could see an adder, a giant cockroach, 2 hobgoblins, a goblin and a kobold.

Vanquished Creatures
  A dart slug (D:1)
  A giant gecko (D:1)
  4 bats (D:1)
  2 giant cockroaches
  6 goblins
  6 kobolds
  4 giant newts
  4 rats (D:1)
28 creatures vanquished.

Notes
Turn   | Place    | Note
--------------------------------------------------------------
     0 | D:1      | Geeful the Octopode Transmuter began the quest for the Orb.
     0 | D:1      | Reached XP level 1. HP: 13/13 MP: 3/3
    98 | D:1      | Reached XP level 2. HP: 12/18 MP: 5/5
   489 | D:1      | Found a shattered altar of Ashenzari.
   670 | D:1      | Reached XP level 3. HP: 15/23 MP: 4/6
  1027 | D:2      | Noticed Sigmund
  1060 | D:2      | HP: 1/23 [kobold/dagger (6)]
  1061 | D:2      | Slain by a kobold

Vault maps used:
D:1:      elethiomel_arrival_quiet, ashenzari_altar_1
D:2:      tso_metal_star, marbit_many_paths, uniq_sigmund

Action                   || total
-------------------------++-------
Melee: Unarmed           ||    65
Throw: Throwing net      ||     1
 Cast: Beastly Appendage ||    11
  Use: Scroll            ||     1
 Stab: Sleeping          ||     3
